 Dungeon Crawl Stone Soup version 0.30.0-17-ge0270778cf (webtiles) character file.

Game seed: 6698095091483427976

93 Diggabert the Cudgeller (level 4, -10/34 HPs)
             Began as a Human Gladiator on May 22, 2023.
             Mangled by a gnoll
             ... wielding a +0 halberd
              (12 damage)
             ... on level 2 of the Dungeon.
             The game lasted 00:02:49 (1141 turns).

Diggabert the Cudgeller (Human Gladiator)           Turns: 1141, Time: 00:02:50

Health: -10/34     AC:  6    Str: 16    XL:     4   Next: 92%
Magic:  4/4        EV: 10    Int:  8    God:
Gold:   141        SH:  8    Dex: 15    Spells: 3/3 levels left

rFire   . . .        a - +0 flail
rCold   . . .        i - +0 kite shield
rNeg    . . .        h - +0 ring mail
rPois   .            c - +0 helmet
rElec   .            (no cloak)
rCorr   .            (no gloves)
SInv    .            (no boots)
Will    .....        (no amulet)
Stlth   +            (no ring)
HPRegen 0.25/turn    (no ring)
MPRegen 0.09/turn

%: no passive effects
@: no status effects
A: no striking features
a: no special abilities


You were on level 2 of the Dungeon.
You visited 1 branch of the dungeon, and saw 2 of its levels.

You collected 141 gold pieces.

Inventory:

Hand Weapons
 a - a +0 flail (weapon)
Missiles
 d - 3 throwing nets (quivered)
 e - a javelin
Armour
 c - a +0 helmet (worn)
 h - a +0 ring mail (worn)
 i - a +0 kite shield (worn)
Scrolls
 b - a scroll of identify {unknown}
 l - a scroll of fog {unknown}
 m - a scroll of amnesia {unknown}
Potions
 f - a potion of mutation {unknown}
 g - a potion of degeneration {unknown}
 j - a potion of curing {unknown}
 k - a potion of lignification {unknown}


   Skills:
 * Level 2.6 Fighting
 * Level 4.2 Maces & Flails
 - Level 2.0 Throwing
 * Level 1.2 Armour
 * Level 3.1 Dodging
 * Level 1.1 Shields


You had 3 spell levels left.
You didn't know any spells.
Your spell library contained the following spells:

 Spells                   Type           Power      Damage    Failure   Level
 Necrotise                Necr           0%         1d4       95%         1
 Vampiric Draining        Necr           0%         2d6       100%        3
 Agony                    Necr           0%         N/A       100%        5
 Blade Hands              Tmut           0%         N/A       100%        5
 Irradiate                Conj/Tmut      0%         3d11      100%        5
 Dragon Form              Tmut           0%         N/A       100%        7


Dungeon Overview and Level Annotations

Branches:
Dungeon (2/15)

Altars:


Message History

The gnoll hits you from afar with a +0 spear.
You block the gnoll's attack. The gnoll hits you with a +0 spear.
The gnoll hits you from afar with a +0 spear.
The gnoll hits you from afar with a +0 halberd!
Things that are here:
a +0 dagger; a +0 dagger; a goblin corpse The gnoll hits you but does no damage.
The gnoll hits you with a +0 spear. You block the gnoll's attack.
You thump the gnoll!
The gnoll is severely wounded.
The gnoll hits you with a +0 spear. The gnoll barely misses you.
You sock the gnoll!
You kill the gnoll!
The gnoll barely misses you. x2
You block the gnoll's attack. x2
Items here: ))) ††.
You hit the gnoll.
The gnoll is moderately wounded.
The gnoll hits you from afar with a +0 spear.
The gnoll closely misses you.
You hit the gnoll.
The gnoll is severely wounded.
The gnoll barely misses you. You block the gnoll's attack.
You barely miss the gnoll.
The gnoll is severely wounded.
The gnoll barely misses you. The gnoll closely misses you.
You block the gnoll's attack.
The gnoll hits you from afar with a +0 spear.
You barely miss the gnoll.
The gnoll is severely wounded.
The gnoll hits you but does no damage. You block the gnoll's attack.
You barely miss the gnoll.
The gnoll is severely wounded.
You block the gnoll's attack. The gnoll hits you with a +0 halberd!
* * * LOW HITPOINT WARNING * * *
You hit the gnoll.
The gnoll is severely wounded.
The gnoll barely misses you. The gnoll hits you with a +0 halberd!
You die...

#........>...'.........'.....
###........###.........#.....
#........# #.........#.....
#........# #.........#.....
#####....# #.........#.....
#....# #.........#.....
#....# #...............
###.#####......##......
#...@gg.......#.....<
######........#......
#........##..... #........
#..... #........ ######
#........ #........ #.).....g
#........


You could see 2 gnolls.

Vanquished Creatures
  A gnoll (D:2)
  2 adders (D:2)
  5 endoplasms
  6 goblins
  9 hobgoblins
  5 jackals (D:1)
  6 kobolds
  3 quokkas
  5 ball pythons
  10 bats
  5 rats
57 creatures vanquished.

Notes
Turn   | Place    | Note
-------+----------+-------------------------------------------
     0 | D:1      | Diggabert the Human Gladiator began the quest for the Orb.
     0 | D:1      | Reached XP level 1. HP: 16/16 MP: 1/1
   134 | D:1      | Reached XP level 2. HP: 22/22 MP: 2/2
   367 | D:1      | Reached XP level 3. HP: 24/27 MP: 3/3
   882 | D:2      | Reached skill level 4 in Maces & Flails
   882 | D:2      | Reached XP level 4. HP: 21/34 MP: 4/4
   949 | D:2      | Found a faded altar of an unknown god.
   967 | D:2      | Reached skill level 1 in Armour
  1083 | D:2      | Reached skill level 1 in Shields
  1141 | D:2      | Mangled by a gnoll

Illustrated notes

Levels and vault maps discovered:
D:1:      dpeg_arrival_arbitrary_b, layout_basic, glass_columns_a
D:2:      layout_basic, ebering_ecumenical_altar_sacrificial

Skill      XL: |  1  2  3  4 |
---------------+-------------+-----
Maces & Flails | 4 |  4.2
Armour         | 1 |  1.2
Shields        | 1 |  1.1
Fighting       | |  2.6
Throwing       | |  2.0
Dodging        | |  3.1

Action                     |  1- 3 |  4- 6 || total
---------------------------+-------+-------++-------
  Melee: Flail             |   120 |    59 ||   179
 Armour: Leather armour    |    14 |       ||    14
         Ring mail         |    32 |    25 ||    57
  Dodge: Dodged            |    72 |    47 ||   119
  Block: Kite shield       |    42 |    31 ||    73
